Cogmind - Beta 16 @@@ ROGUE MODE // 2025.11.04 @ 02:20:38 Player: Runia Result: Destroyed by E5-OWC(E) with Overtuned Barrage Gun Performance ------------- Evolutions (3) 1500 Regions Visited (11) 2200 Robots Destroyed (231) 1155 Value Destroyed (6744) 6744 Prototype IDs (42) 840 Alien Tech Used (0) 0 Bonus (1235) 1235 TOTAL SCORE: 13674 Bonus ------- High Alert Combat Kills 123 Follower Combat Kills 837 Aligned with FarCom 300 Friendly Fire -25 Cogmind --------- Core Integrity 0/700 Matter 91/300 Energy 12/900 System Corruption 0% Temperature Cool (37) Movement Core (200) Ox3 Location -7/Scraptown Parts ------- > --- POWER (1) -------- Hybrid Fission Core > --- PROPULSION (4) --- (None) > --- UTILITY (5) ------ Cooling System Experimental Targeting Computer > --- WEAPON (3) ------- (None) > --- INVENTORY (5) ---- Improved Utility Shielding Improved Shield Generator Plasma Cannon Plasma Cannon Flak Gun Peak State ------------ > --- POWER ------------ Heavy Deuterium Engine > --- PROPULSION ------- Medium Treads Medium Treads Medium Treads Medium Treads > --- UTILITY ---------- Huge Storage Unit Gravity Neutralizer Experimental Targeting Computer Hardened Heavy Armor Plating > --- WEAPON ----------- Gatling Laser Cooled Pulse Rifle Heavy Assault Rifle > --- INVENTORY -------- Heavy Deuterium Engine Advanced Treads Advanced Treads Advanced Treads Advanced Treads Advanced Treads Cooling System High-capacity Matter Pod Experimental Sensor Array Seismic Detector Advanced Targeting Computer Core Analyzer Improved Utility Shielding Improved Utility Shielding Hardened Heavy Armor Plating Hardened Heavy Armor Plating Medium Reactive Plating Authchip [Propulsion] Improved EM Pulse Cannon Ion Cannon Rocket Launcher Mini Grenade Launcher Powered Hammer [Rating: 61] Favorites ----------- Power Heavy Deuterium Engine Engine Heavy Deuterium Engine Power Core Hybrid Fission Core Propulsion Advanced Treads Treads Advanced Treads Leg Aluminum Leg Wheel Compact Wheel Utility Experimental Targeting Computer Device Improved Heat Sink Storage Huge Storage Unit Processor Experimental Targeting Computer Hackware Hacking Suite Protection Hardened Heavy Armor Plating Weapon Beam Cannon Energy Gun Gatling Laser Energy Cannon Beam Cannon Ballistic Gun Improved Assault Rifle Launcher Mini Grenade Launcher Special Weapon CPS Tube Impact Weapon Power Maul Build | -11 -10 -10 -9 -9 -9 -8 -8 -7 -7 -7 -7 ------- Run | Yrd Mat Min Mat Min Exi Min Mat Fac Sto Rec Scr Slots Evolved 6 | . . . 2 . . . 2 2 . . . Power . | . . . . . . . . . . . . Propulsion 2 | . . . . . . . 1 1 . . . Utility 3 | . . . 2 . . . . 1 . . . Weapon 1 | . . . . . . . 1 . . . . Parts Attached 121 | 2 10 3 25 3 16 . 21 11 16 2 12 Power 11 | . . . 3 . 1 . 3 2 1 . 1 Engine 10 | . . . 3 . 1 . 3 2 1 . . Core 1 | . . . . . . . . . . . 1 Reactor . | . . . . . . . . . . . . Propulsion 36 | 2 2 . 9 1 5 . 8 1 5 . 3 Treads 34 | 2 1 . 8 1 5 . 8 1 5 . 3 Leg . | . . . . . . . . . . . . Wheel 2 | . 1 . 1 . . . . . . . . Hover . | . . . . . . . . . . . . Flight . | . . . . . . . . . . . . Utility 38 | . 3 1 8 2 4 . 6 4 4 2 4 Device 14 | . 1 1 1 1 2 . 1 2 3 1 1 Storage 4 | . 2 . . . 1 . 1 . . . . Processor 4 | . . . 2 1 . . 1 . . . . Hackware 2 | . . . . . . . 1 1 . . . Protection 14 | . . . 5 . 1 . 2 1 1 1 3 Artifact . | . . . . . . . . . . . . Weapon 36 | . 5 2 5 . 6 . 4 4 6 . 4 Energy Gun 6 | . . . . . . . 1 1 3 . 1 Energy Cannon 8 | . 2 . 3 . . . . 1 . . 2 Ballistic Gun 12 | . 2 . . . 6 . 3 1 . . . Ballistic Cannon . | . . . . . . . . . . . . Launcher 6 | . 1 1 2 . . . . 1 1 . . Special Weapon 1 | . . . . . . . . . . . 1 Impact Weapon 3 | . . 1 . . . . . . 2 . . Slashing Weapon . | . . . . . . . . . . . . Piercing Weapon . | . . . . . . . . . . . . Special Melee Weapon . | . . . . . . . . . . . . Unidentified Prototypes 7 | . . . 1 . . . 2 2 2 . . Corrupted Parts 1 | . . . . . . . . 1 . . . System Corruption 3 | . . . . . . . . 3 . . . Parts Lost 35 | . . . 2 . 11 . . . 4 2 16 Power 3 | . . . . . 1 . . . 1 . 1 Propulsion 14 | . . . 1 . 3 . . . 2 1 7 Utility 10 | . . . 1 . 4 . . . 1 . 4 Weapon 8 | . . . . . 3 . . . . 1 4 Highest Loss Streak 16 | . . . 1 . 10 . . . 3 2 16 To Critical Strikes 5 | . . . . . 5 . . . . . . Average Backups 21 | 6 14 20 19 20 18 20 20 21 23 23 23 Power . | 1 1 1 . . 1 1 1 1 . . . Propulsion 4 | 4 4 7 5 5 7 8 7 4 4 2 1 Utility 8 | . 3 4 4 5 3 5 6 11 11 11 11 Weapon 7 | 1 5 8 9 8 5 5 4 4 6 9 9 Tool/Special . | . . . . . . . . . . . . Unused Backups 57 | . 7 1 7 . 8 . 13 7 1 1 12 Power 5 | . 1 . . . 3 . . 1 . . . Propulsion 16 | . 2 . 1 . 5 . 6 2 . . . Utility 18 | . 1 1 2 . . . 4 2 . . 8 Weapon 16 | . 3 . 4 . . . 1 2 1 1 4 Tool/Special 2 | . . . . . . . 2 . . . . Average Slot Usage (%) 94 | . 99 100 97 99 96 100 99 92 91 85 90 Engine 9 | . 14 14 10 11 9 11 9 7 7 7 6 Treads 25 | . 15 14 18 22 21 22 26 30 29 30 29 Wheel 1 | . 12 14 3 . . . . . . . . Device 9 | . 13 14 14 11 12 22 8 4 7 7 6 Storage 9 | . 14 14 11 11 11 11 9 7 7 7 6 Processor 7 | . . . 5 11 11 11 9 7 7 7 7 Protection 7 | . . . 11 10 7 . 9 7 7 6 6 Energy Gun 7 | . . . . . . . 1 9 20 15 14 Energy Cannon 7 | . 15 27 21 21 7 20 . . . . . Ballistic Gun 6 | . 12 . . . 14 . 24 12 2 . . Impact Weapon 1 | . . . . . . . . . . 1 6 Peak Build Rating 61 | 6 12 12 18 19 29 21 44 55 61 60 61 Average Rating 37 | 5 10 12 15 18 21 20 35 51 58 53 59 On Entrance 26 | 6 6 12 12 18 18 20 20 42 51 60 48 Avg Prop Armor Cover (%) 11 | . 11 12 8 . . . . . . . . Naked Turns . | . . . . . . . . . . . . Heaviest Build 129 | 11 50 50 61 61 58 52 99 122 129 129 125 Greatest Support 112 | 40 40 16 43 43 52 49 69 88 112 100 102 Greatest Overweight (x) 7 | . 3 3 5 1 1 1 1 1 1 1 7 Average Overweight (x) 1 | . 1 3 1 1 . 1 . 1 1 1 . Largest Inventory Capacity 25 | 8 20 20 20 20 20 20 25 25 25 25 25 Average Capacity 22 | 8 15 20 20 20 20 20 22 25 25 25 24 Most Carried 25 | 6 20 20 20 20 20 20 25 25 25 25 25 Average Carried 21 | 5 14 20 19 19 18 20 21 24 24 24 24 Final Capacity 25 | 8 20 20 20 20 20 20 25 25 25 25 5 Final Carried 25 | 4 20 20 20 20 20 20 25 22 25 25 5 Class Distribution -------------------- 42% | Mutant 28% | Commander-Mutant 10% | Gunner 9% | Commander-Gunner 6% | Scavenger-Gunner Dominant Class ---------------- Mutant | -10/Materials Mutant | -10/Mines Mutant | -9/Materials Mutant | -9/Mines Mutant | -9/Exiles Scavenger-Mutant | -8/Mines Scavenger-Gunner | -8/Materials Gunner | -7/Factory Commander-Gunner | -7/Storage Commander-Mutant | -7/Recycling Commander-Mutant | -7/Scraptown Resources | -11 -10 -10 -9 -9 -9 -8 -8 -7 -7 -7 -7 ----------- Run | Yrd Mat Min Mat Min Exi Min Mat Fac Sto Rec Scr Matter Collected 4181 | 200 402 92 613 80 712 12 1276 263 336 52 143 Remotely . | . . . . . . . . . . . . Salvage Created 8919 | . 488 187 1344 266 515 27 1753 429 1657 623 1630 Parts 496 | . 29 12 69 26 38 8 108 26 73 20 87 Haulers Intercepted 18 | . 2 . 6 . . . 5 1 4 . . Recyclers Shooed 3 | . 1 . 1 . . . 1 . . . . Parts Field Recycled . | . . . . . . . . . . . . Retrieved Matter . | . . . . . . . . . . . . Parts Self-Destructed . | . . . . . . . . . . . . Prevented . | . . . . . . . . . . . . Parts Restored . | . . . . . . . . . . . . Kills | -11 -10 -10 -9 -9 -9 -8 -8 -7 -7 -7 -7 ------- Run | Yrd Mat Min Mat Min Exi Min Mat Fac Sto Rec Scr Combat Hostiles Destroyed 171 | . 9 4 26 17 5 4 27 9 33 9 28 Guns 87 | . 4 . . . 2 . 23 5 30 9 14 Cannons 32 | . 2 3 16 11 . . . . . . . AOE 48 | . 3 1 8 6 3 4 4 3 3 . 13 Classes Destroyed 26 | . 6 1 4 . 3 . 2 1 2 1 6 Worker 11 | . 1 . 3 . . . 3 1 3 . . Builder 6 | . 1 . . . . . 4 . 1 . . Tunneler 2 | . . 1 1 . . . . . . . . Hauler 18 | . 2 . 6 . . . 5 1 4 . . Recycler 8 | . 2 . 1 . . . 3 . . 2 . Mechanic 1 | . . . 1 . . . . . . . . Operator 2 | . . . . . . . 1 . 1 . . Turret 1 | . . . . . 1 . . . . . . Watcher 5 | . . . 2 . . . 3 . . . . Swarmer 40 | . 6 . 7 15 . 4 8 . . . . Grunt 53 | . 3 4 10 . . . 13 3 20 . . Duelist 4 | . . . 1 . . . . 1 1 1 . Protector 2 | . . . . . . . . . . 2 . Sentry 28 | . . . 8 2 . . 5 2 8 3 . Demolisher 1 | . . . . . . . . . 1 . . Specialist 1 | . . . . . . . . . 1 . . Hunter 2 | . . . . . . . 1 . . 1 . Programmer 7 | . . . . . . . . 3 2 2 . Federalist 2 | . . . . . . . . . . . 2 Explorer 1 | . . . . . . . . . . . 1 Ranger 2 | . . . . . . . . . . . 2 Guru 3 | . . . . . . . . . . . 3 Scrapper 9 | . . . . . . . . . . . 9 Elite 9 | . . . . . . . . . . . 9 Zionite 8 | . . . . . 8 . . . . . . Assembled 4 | . . . . . 4 . . . . . . Thug 1 | . . . . . . . . . . . 1 Best Kill Streak 28 | . 4 2 10 4 4 4 10 4 13 3 28 Combat Bots Only 28 | . 3 2 8 4 4 4 7 4 10 3 28 Max Kills in Single Turn 4 | . 3 2 2 2 1 4 2 2 2 1 4 Gunslinging 1 | . . . . . . . . . 1 . . Exploded 4 | . 3 1 2 2 1 4 2 2 2 . 4 Melee . | . . . . . . . . . . . . Uniques/NPCs Destroyed 5 | . . . . . 4 . . . . . 1 8R-AWN (-9/Exiles) EX-HEX (-9/Exiles) EX-DEC (-9/Exiles) EX-BIN (-9/Exiles) Triborg (-7/Scraptown) Combat | -11 -10 -10 -9 -9 -9 -8 -8 -7 -7 -7 -7 -------- Run | Yrd Mat Min Mat Min Exi Min Mat Fac Sto Rec Scr Hostile Shots Fired 1130 | . 26 8 89 60 108 3 116 80 259 56 325 Missed 338 | . 9 2 33 15 17 1 31 25 87 13 105 Hits 792 | . 17 6 56 45 91 2 85 55 172 43 220 Melee 4 | . . . . . . . . . 3 . 1 Projectile 788 | . 17 6 56 45 91 2 85 55 169 43 219 AOE 4 | . . . . . . . . 1 3 . . Critical Strikes 72 | . . . . 2 46 . 3 1 1 . 19 Part Disruptions 2 | . . . . . . . 1 . 1 . . Damage Taken 10790 | . 176 78 758 414 1602 17 1233 545 1935 335 3697 Core 1184 | . 45 11 69 68 161 9 111 18 110 30 552 Absorbed by Shields 381 | . . . . 37 55 . . . . 55 234 Redirected to Shielding 12 | . . . . . . . 12 . . . . Ignored by Resistances 240 | . . . . . . . . . . . 240 Regen/Repaired (Parts) 188 | . . . 188 . . . . . . . . Core Remaining (%) 69 | 100 . 77 . . . 23 79 . . . . Volleys Fired 507 | . 37 13 75 39 117 1 88 26 58 19 34 Largest 3 | . 2 2 2 2 2 1 3 3 3 3 3 Hottest 180 | . 120 120 120 120 120 30 101 106 180 180 180 Shots Fired 1127 | . 73 25 142 74 217 1 258 61 164 45 67 Gun 758 | . 56 . . . 129 . 255 57 161 45 55 Cannon 320 | . 16 23 135 70 74 . . 1 . . 1 Launcher 48 | . 1 2 7 4 14 1 3 3 3 . 10 Special 1 | . . . . . . . . . . . 1 Kinetic 475 | . 56 . . . 129 . 247 27 16 . . Thermal 603 | . 16 23 135 70 74 . 8 31 145 45 56 Explosive 48 | . 1 2 7 4 14 1 3 3 3 . 10 Electromagnetic . | . . . . . . . . . . . . Robot Hit Streak 45 | . 8 6 16 6 41 4 45 25 30 18 35 Robot Miss Streak 5 | . 3 2 5 3 3 . 4 4 4 3 5 Penetration Max . | . . . . . . . . . . . . Secondary Targets 20 | . . . . . . . 4 . 6 1 9 Max Gunslinging Chain 1 | . . . . . . . 1 . 1 1 1 Shots Hit Robots 798 | . 46 16 86 36 163 1 188 40 133 31 58 Core Hits 506 | . 20 8 51 18 45 4 80 25 114 25 116 Critical Kills 3 | . . . 2 . . . 1 . . . . Critical Parts Destroyed 4 | . . . . . 1 . 3 . . . . Critical Strikes 12 | . . . 2 . 2 . 4 1 1 1 1 Burn 4 | . . . . . . . . 1 1 1 1 Meltdown 2 | . . . 2 . . . . . . . . Destroy 6 | . . . . . 2 . 4 . . . . Melee Attacks 9 | . . 3 2 . . . . . 4 . . Impact 9 | . . 3 2 . . . . . 4 . . Slashing . | . . . . . . . . . . . . Piercing . | . . . . . . . . . . . . Sneak Attacks . | . . . . . . . . . . . . Combat Hostiles . | . . . . . . . . . . . . Follow-up Attacks . | . . . . . . . . . . . . Damage Inflicted 19423 | . 775 355 2241 1022 2969 280 3227 1149 3467 826 3112 Guns 11113 | . 465 . . . 1714 . 2874 835 3082 826 1317 Cannons 3342 | . 163 303 1487 644 719 . . . . . 26 Explosions 4968 | . 147 52 754 378 536 280 353 314 385 . 1769 Melee . | . . . . . . . . . . . . Ramming . | . . . . . . . . . . . . Kinetic 5401 | . 465 . . . 1714 . 2779 299 144 . . Thermal 9054 | . 163 303 1487 644 719 . 95 536 2938 826 1343 Explosive 4968 | . 147 52 754 378 536 280 353 314 385 . 1769 Electromagnetic . | . . . . . . . . . . . . Impact . | . . . . . . . . . . . . Slashing . | . . . . . . . . . . . . Piercing . | . . . . . . . . . . . . Highest Corruption 4 | . 2 2 . . 1 1 . 4 . 1 . Average Corruption 1 | . 2 2 . . 1 1 . 3 . 1 . Corruption Purged 4 | . . . . . . . . 4 . . . Corruption Blocked . | . . . . . . . . . . . . Effects 37 | . 6 7 . . 2 . . 5 . 17 . Message Errors 6 | . 1 1 . . 1 . . 1 . 2 . Matter Fused 9 | . 1 3 . . . . . 1 . 4 . Heat Flow Errors 4 | . 1 . . . . . . 1 . 2 . Energy Discharges 5 | . . 1 . . . . . 1 . 3 . Data Loss (minor) 8 | . 2 1 . . 1 . . . . 4 . Data Loss (major) 1 | . . . . . . . . . . 1 . Misfires 3 | . . 1 . . . . . 1 . 1 . Alerts 1 | . 1 . . . . . . . . . . Overload Shots 3 | . . . . . . . . 3 . . . Overflow Damage 194 | . 32 . 35 50 63 1 . . . . 13 Projectiles 83 | . 15 . 13 . 55 . . . . . . Explosions 111 | . 17 . 22 50 8 1 . . . . 13 Melee . | . . . . . . . . . . . . Knockbacks . | . . . . . . . . . . . . Impact . | . . . . . . . . . . . . Kinetic . | . . . . . . . . . . . . Secondary . | . . . . . . . . . . . . Self-Inflicted Damage 84 | . . . 30 . 9 . . . . . 45 Shots 4 | . . . 1 . 1 . . . . . 2 Rammed . | . . . . . . . . . . . . Targets Rammed . | . . . . . . . . . . . . Kicked . | . . . . . . . . . . . . Crushed . | . . . . . . . . . . . . Highest Temperature 355 | . 134 90 135 279 90 . 355 205 270 246 221 Average Temperature 57 | . 30 30 38 87 25 . 49 71 62 99 77 Received Heat Transfer 2299 | . 48 42 270 72 . . 522 90 573 75 607 Effects 3 | . . . . . . . . 3 . . . Interference 3 | . . . . . . . . 3 . . . Siege Activations . | . . . . . . . . . . . . Martial Activations . | . . . . . . . . . . . . Shielding Activations . | . . . . . . . . . . . . Robots Disrupted . | . . . . . . . . . . . . Combat Hostiles . | . . . . . . . . . . . . Robots Corrupted . | . . . . . . . . . . . . Combat Hostiles . | . . . . . . . . . . . . Parts Fried . | . . . . . . . . . . . . Impact Corruptions . | . . . . . . . . . . . . Robots Melted 4 | . . . 2 . . . . 1 . . 1 Combat Hostiles 4 | . . . 2 . . . . 1 . . 1 Parts Melted 62 | . . 1 9 4 17 . 1 6 15 2 7 Heat Transferred 18015 | . 333 629 3108 1332 1495 . 185 951 6390 1718 1874 Parts Sabotaged . | . . . . . . . . . . . . Parts Stolen . | . . . . . . . . . . . . Parts Stripped . | . . . . . . . . . . . . Power Chain Reactions . | . . . . . . . . . . . . Alert | -11 -10 -10 -9 -9 -9 -8 -8 -7 -7 -7 -7 ------- Run | Yrd Mat Min Mat Min Exi Min Mat Fac Sto Rec Scr Maximum Alert Level 2 | . . . 1 1 . . 1 . 2 1 . Low Security (%) 75 | 100 100 100 26 96 . 100 74 100 57 90 . Level 1 20 | . . . 73 3 . . 25 . 7 9 . Level 2 4 | . . . . . . . . . 34 . . Level 3 . | . . . . . . . . . . . . Level 4 . | . . . . . . . . . . . . Level 5 . | . . . . . . . . . . . . High Security . | . . . . . . . . . . . . Max Security . | . . . . . . . . . . . . Peak Influence 616 | . 84 53 338 219 . 99 379 112 616 222 . Initial 216 | . . 23 . 114 . . 34 35 42 216 . Average 140 | . 22 11 254 80 . 44 125 31 237 145 . Influence Increases 4769 | . 287 109 936 464 . 99 805 325 1062 682 . Destroy 0b10 Robot/C 2860 | . 180 80 520 340 . 80 540 180 700 240 . Destroy 0b10 Robot/NC 280 | . 30 5 70 . . . 95 10 45 25 . Destroy Leader 606 | . 34 20 146 40 . 10 126 62 168 . . Allied During Kill 112 | . . . . 2 . . . . 43 67 . Successful Hack 295 | . 33 . 57 . . . 9 50 24 122 . Select Force Hacks 240 | . . . 30 . . . . . . 210 . Disable Machine 90 | . . . 15 30 . . . 15 30 . . Destroy Structure 166 | . 10 4 53 22 . 9 35 8 22 3 . Partial Spotted 15 | . . . . . . . . . 15 . . Lose Combat Pursuer 105 | . . . 45 30 . . . . 15 15 . Influence Decreases 4769 | . 227 169 642 663 95 10 817 308 601 1115 122 Entered New Map 922 | . . 37 . 180 95 . 55 42 52 339 122 Time Decay 3359 | . 227 132 622 463 . 10 434 266 509 696 . Lost Part 80 | . . . 20 . . . . . 40 20 . Lost Ally 80 | . . . . 20 . . . . . 60 . Purge Threat 328 | . . . . . . . 328 . . . . Squads Dispatched 14 | . 1 1 3 . . . 1 2 6 . . Investigation 3 | . . 1 2 . . . . . . . . Extermination 4 | . . . . . . . . 2 2 . . Reinforcement 6 | . 1 . 1 . . . 1 . 3 . . Assault 1 | . . . . . . . . . 1 . . Garrison . | . . . . . . . . . . . . Intercept . | . . . . . . . . . . . . Searches Triggered . | . . . . . . . . . . . . Construction Impeded . | . . . . . . . . . . . . Haulers Reinforced 1 | . . . . . . . . . 1 . . Active Scanning Responses . | . . . . . . . . . . . . Cargo Convoy Interrupts . | . . . . . . . . . . . . Stealth | -11 -10 -10 -9 -9 -9 -8 -8 -7 -7 -7 -7 --------- Run | Yrd Mat Min Mat Min Exi Min Mat Fac Sto Rec Scr Distress Signals 10 | . 2 . 2 . . . 3 1 2 . . Communications Jammed . | . . . . . . . . . . . . Distress Signals . | . . . . . . . . . . . . Times Spotted 263 | . 13 4 47 18 28 4 38 10 36 11 54 Peak Tracking Total 27 | . 3 2 7 4 9 4 7 4 9 2 27 Tactical Retreats 15 | . . . 1 1 8 . . . 1 1 3 Traps | -11 -10 -10 -9 -9 -9 -8 -8 -7 -7 -7 -7 ------- Run | Yrd Mat Min Mat Min Exi Min Mat Fac Sto Rec Scr Traps Triggered 7 | . 2 . 1 . . . 1 . 3 . . Indirectly . | . . . . . . . . . . . . Trap Hack Attempts . | . . . . . . . . . . . . Triggered . | . . . . . . . . . . . . Disarmed . | . . . . . . . . . . . . Reprogrammed . | . . . . . . . . . . . . Reused . | . . . . . . . . . . . . Traps Extracted . | . . . . . . . . . . . . Installed . | . . . . . . . . . . . . Triggered . | . . . . . . . . . . . . Machines | -11 -10 -10 -9 -9 -9 -8 -8 -7 -7 -7 -7 ---------- Run | Yrd Mat Min Mat Min Exi Min Mat Fac Sto Rec Scr Machines Disabled 19 | . . . 2 3 10 . . 1 2 . 1 Max in Single Turn 2 | . . . 1 2 2 . . 1 1 . . Machines Repaired . | . . . . . . . . . . . . Machines Dismantled . | . . . . . . . . . . . . Machines Sabotaged . | . . . . . . . . . . . . Overloaded Fab Kills . | . . . . . . . . . . . . Hacking | -11 -10 -10 -9 -9 -9 -8 -8 -7 -7 -7 -7 --------- Run | Yrd Mat Min Mat Min Exi Min Mat Fac Sto Rec Scr Machines Accessed 53 | . 8 . 14 . 1 . 6 6 5 13 . Terminals 34 | . 8 . 9 . . . 4 4 3 6 . Fabricators . | . . . . . . . . . . . . Repair Stations 5 | . . . 2 . . . 1 . 2 . . Recycling Units 10 | . . . 2 . . . . 1 . 7 . Scanalyzers 3 | . . . 1 . . . 1 1 . . . Garrison Access . | . . . . . . . . . . . . Total Hacks 133 | . 22 . 47 . 1 . 16 16 8 23 . Successful 74 | . 15 . 23 . 1 . 11 4 5 15 . Failed 59 | . 7 . 24 . . . 5 12 3 8 . Catastrophic 5 | . . . 2 . . . 1 1 . 1 . Database Lockouts . | . . . . . . . . . . . . Manual 59 | . 12 . 18 . 1 . 7 . 2 19 . Terminals 90 | . 22 . 29 . . . 12 10 3 14 . Fabricators . | . . . . . . . . . . . . Repair Stations 19 | . . . 12 . . . 2 . 5 . . Recycling Units 14 | . . . 2 . . . . 3 . 9 . Scanalyzers 9 | . . . 4 . . . 2 3 . . . Garrison Access . | . . . . . . . . . . . . Terminal Hacks 30 | . 10 . 6 . 1 . 5 3 3 2 . Robot Analysis 5 | . 4 . 1 . . . . . . . . Prototype ID Bank 6 | . 2 . 2 . . . 1 1 . . . Open Door 3 | . . . . . . . . . 3 . . Branch Access Points 1 | . . . . . . . . 1 . . . Emergency Access Points 1 | . 1 . . . . . . . . . . Unreport Threat 3 | . . . . . . . 3 . . . . Locate Traps 6 | . 2 . 3 . . . . 1 . . . Transport Status 1 | . 1 . . . . . . . . . . Zone Layout 3 | . . . . . . . 1 . . 2 . Proto ID Catalog 1 | . . . . . 1 . . . . . . Fabricator Hacks . | . . . . . . . . . . . . Repair Station Hacks 12 | . . . 9 . . . 1 . 2 . . Scan Component 8 | . . . 5 . . . 1 . 2 . . Repair 4 | . . . 4 . . . . . . . . Recycling Unit Hacks . | . . . . . . . . . . . . Scanalyzer 5 | . . . 2 . . . 2 1 . . . Insert Component 2 | . . . . . . . 1 1 . . . Analyze 1 | . . . . . . . 1 . . . . Retrieve Study 2 | . . . 2 . . . . . . . . Garrison Access Hacks . | . . . . . . . . . . . . Unauthorized Hacks 27 | . 5 . 6 . . . 3 . . 13 . Terminals 19 | . 5 . 5 . . . 3 . . 6 . Skim 19 | . 5 . 5 . . . 3 . . 6 . Fabricators . | . . . . . . . . . . . . Repair Stations . | . . . . . . . . . . . . Recycling Units 8 | . . . 1 . . . . . . 7 . Tunnel 8 | . . . 1 . . . . . . 7 . Scanalyzers . | . . . . . . . . . . . . Garrison Access . | . . . . . . . . . . . . Data Cores Recovered . | . . . . . . . . . . . . Used . | . . . . . . . . . . . . Hacking Detections 40 | . 7 . 12 . . . 5 6 4 6 . Full Trace Events 1 | . . . . . . . . . . 1 . Feedback Events . | . . . . . . . . . . . . Feedback Blocked . | . . . . . . . . . . . . Robot Schematics Acquired . | . . . . . . . . . . . . Robots Built . | . . . . . . . . . . . . Authchips . | . . . . . . . . . . . . Time . | . . . . . . . . . . . . Total Robot Build Rating . | . . . . . . . . . . . . Part Schematics Acquired 1 | . . . . . . . 1 . . . . Parts Built . | . . . . . . . . . . . . Authchips . | . . . . . . . . . . . . Time . | . . . . . . . . . . . . Total Part Build Rating . | . . . . . . . . . . . . Part Studies Acquired 2 | . . . 2 . . . . . . . . Parts Repaired 4 | . . . 4 . . . . . . . . Time 116 | . . . 116 . . . . . . . . Parts Recycled . | . . . . . . . . . . . . Recycled Matter . | . . . . . . . . . . . . Retrieved Matter . | . . . . . . . . . . . . Retrieved Components . | . . . . . . . . . . . . Parts Scanalyzed 2 | . . . . . . . 1 1 . . . Part Schematics Acquired 1 | . . . . . . . 1 . . . . Parts Damaged 1 | . . . . . . . . 1 . . . Bothacking | -11 -10 -10 -9 -9 -9 -8 -8 -7 -7 -7 -7 ------------ Run | Yrd Mat Min Mat Min Exi Min Mat Fac Sto Rec Scr Used RIF Installer . | . . . . . . . . . . . . Robots Hacked . | . . . . . . . . . . . . Non-combat . | . . . . . . . . . . . . Combat . | . . . . . . . . . . . . Robot Hacks Applied . | . . . . . . . . . . . . Relay Couplers Released . | . . . . . . . . . . . . Fabnet Peak Effective % . | . . . . . . . . . . . . Robots Rewired 30 | . . . . . . . . . . 30 . Allies Hacked . | . . . . . . . . . . . . Hacks Repelled . | . . . . . . . . . . . . Allies | -11 -10 -10 -9 -9 -9 -8 -8 -7 -7 -7 -7 -------- Run | Yrd Mat Min Mat Min Exi Min Mat Fac Sto Rec Scr Total Allies 43 | . . . . 3 . . . . 10 30 . Largest Group 31 | . . . . 3 . . . . 10 31 25 Highest-Rated Group 696 | . . . . 40 . . . . 173 696 617 Highest-Rated Ally 40 | . . . . 16 . . . . 29 40 40 Total Orders 101 | . . . . . 1 . . . 1 13 86 STAY 81 | . . . . . 1 . . . 1 8 71 ROAM 4 | . . . . . . . . . . 4 . FOLLOW 15 | . . . . . . . . . . 1 14 AID 1 | . . . . . . . . . . . 1 Ally Attacks 246 | . . . . 7 . . . . 22 40 177 Total Damage 4539 | . . . . 50 . . . . 297 806 3386 Kills 31 | . . . . . . . . . 3 7 21 Allies Corrupted . | . . . . . . . . . . . . Allies Melted . | . . . . . . . . . . . . Intel | -11 -10 -10 -9 -9 -9 -8 -8 -7 -7 -7 -7 ------- Run | Yrd Mat Min Mat Min Exi Min Mat Fac Sto Rec Scr Active Infowar (turns) 2582 | . . . 1829 118 . . . 511 124 . . Seismic 1273 | . . . 638 . . . . 511 124 . . T.N.C. 1309 | . . . 1191 118 . . . . . . . Robot Analysis Total 5 | . 4 . 1 . . . . . . . . Derelict Logs Recovered 3 | . . 2 . 1 . . . . . . . Drone Launches 15 | . . . . . 1 . . . 14 . . Drone Recoveries . | . . . . . . . . . . . . Exploration | -11 -10 -10 -9 -9 -9 -8 -8 -7 -7 -7 -7 ------------- Run | Yrd Mat Min Mat Min Exi Min Mat Fac Sto Rec Scr Turns Passed 19305 | 3 1152 516 2312 1411 2892 45 1792 1119 1649 2912 3502 Spaces Moved 8015 | 1 761 307 915 642 1269 18 742 430 552 1000 1378 Core 7 | . . . . . . . . . . . 7 Treads 6700 | 1 57 . 618 642 1269 18 742 430 552 1000 1371 Legs . | . . . . . . . . . . . . Wheels 1308 | . 704 307 297 . . . . . . . . Hover . | . . . . . . . . . . . . Flight . | . . . . . . . . . . . . Fastest Speed 50 | 160 100 145 145 200 160 200 160 225 225 228 50 Average Speed 202 | 160 129 145 204 200 189 200 190 225 237 229 230 Slowest Speed 400 | 160 160 145 240 200 200 200 225 225 240 232 400 Overloaded Moves . | . . . . . . . . . . . . Propulsion Burnouts . | . . . . . . . . . . . . Robots Hopped . | . . . . . . . . . . . . Potential Cave-ins . | . . . . . . . . . . . . Cave-ins Triggered . | . . . . . . . . . . . . Exploration Rate (%) 58 | 2 79 71 78 99 90 8 50 12 58 98 56 Regions Visited 11 Branch Regions 7 Pre-discovered Areas 11 | . . . 3 . . . . . . 8 . Known Exits Taken 6 | . . 1 1 . . 1 1 1 . 1 . Unknown Exits Taken 5 | 1 1 . . 1 1 . . . 1 . . Scrap Searched 7 | . . . . 4 . . . . . . 3 Spaces Dug 49 | . . 1 16 9 . . 23 . . . . Terrain Destroyed 253 | . 10 4 54 26 28 9 29 7 25 . 61 Melee 3 | . . 1 2 . . . . . . . . Projectile 2 | . . . . . . . . 1 1 . . AOE 248 | . 10 3 52 26 28 9 29 6 24 . 61 Terrain Rammed . | . . . . . . . . . . . . Walls Destroyed . | . . . . . . . . . . . . Machines Disabled . | . . . . . . . . . . . . Actions | -11 -10 -10 -9 -9 -9 -8 -8 -7 -7 -7 -7 --------- Run | Yrd Mat Min Mat Min Exi Min Mat Fac Sto Rec Scr Total 10133 | 4 859 349 1227 695 1540 26 952 538 737 1578 1628 Wait 855 | . 21 19 146 2 82 6 35 40 76 250 178 Move 8004 | . 760 306 914 641 1268 17 741 429 551 999 1378 Hop . | . . . . . . . . . . . . Pick Up 121 | . 20 1 22 1 27 . 24 11 6 4 5 Fast Attach 38 | . 2 . 10 2 3 . 9 2 7 1 2 Attach 45 | 2 . . 3 . 14 . 5 3 4 2 12 Detach 10 | . . . . . 2 . . 1 2 2 3 Swap 97 | . 10 5 22 6 7 2 14 12 11 2 6 Drop 145 | 2 9 2 33 4 19 . 36 14 11 5 10 Fire 507 | . 37 13 75 39 117 1 88 26 58 19 34 Melee 9 | . . 3 2 . . . . . 4 . . Ram . | . . . . . . . . . . . . Kick . | . . . . . . . . . . . . Crush . | . . . . . . . . . . . . Escape Stasis . | . . . . . . . . . . . . Rewire 295 | . . . . . 1 . . . . 294 . Trap . | . . . . . . . . . . . . Miscellaneous 7 | . . . . . . . . . 7 . . Route ------- -11/Scrapyard -10/Materials (discovered 5 exits: *Mat x3 / [*Min] / *Sub) -10/Mines (discovered 2 exits: *Mat / Sub) -9/Materials (discovered 4 exits: *Mat x2 / *Min x2) -9/Mines (discovered 3 exits: *Mat x2 / *Exi) -9/Exiles -8/Mines -8/Materials (discovered 3 exits: *Fac x3) -7/Factory (discovered 3 exits: *Sto / Low x2) -7/Storage -7/Recycling (discovered 2 exits: [*Fac] / *Scr) -7/Scraptown (discovered 1 exit: [*Fac]) History --------- Turn | Location | Event 4 | -11/Scrapyard | Discovered new exit (range 0) 4 | -11/Scrapyard | Entered Materials 5 | -10/Materials | Met a group of wandering Federalists 112 | -10/Materials | Discovered new exit (range 14) 311 | -10/Materials | Build established: Mutant 366 | -10/Materials | Discovered new exit (range 16) 417 | -10/Materials | Discovered new exit (range 9) 566 | -10/Materials | Discovered new exit (range 14) 689 | -10/Materials | Identified exit to Materials 689 | -10/Materials | Learned location of 1 exit from Materials 734 | -10/Materials | Learned Materials stockpile data 769 | -10/Materials | Loaded intel: 13 trap records 1156 | -10/Materials | Entered Mines 1157 | -10/Mines | Assembled infested the area 1157 | -10/Mines | Identified exit to Subcaves 1162 | -10/Mines | Assisted by a Guerilla fighting off Assembled 1212 | -10/Mines | Met a Derelict shopkeep closing up shop 1610 | -10/Mines | Learned Materials stockpile data 1655 | -10/Mines | Discovered exit to Materials (range 10) 1672 | -10/Mines | Entered Materials 1672 | -9/Materials | Evolved 2 slots: Utility x2 1673 | -9/Materials | Identified exit to Mines 1674 | -9/Materials | Identified exit to Materials 1780 | -9/Materials | Destroyed 8 combat bots 2234 | -9/Materials | Repaired Mni. Grenade Launcher 2261 | -9/Materials | Repaired Lgt. Armor Plating 2564 | -9/Materials | Learned location of Zion (-6) 2585 | -9/Materials | Loaded intel: 2 recycling unit locations 2596 | -9/Materials | Learned 2 Storage zone layouts 2607 | -9/Materials | Learned location of 3 exits from Materials 3055 | -9/Materials | Repaired Med. Armor Plating 3082 | -9/Materials | Repaired Beam Cannon 3984 | -9/Materials | Entered Mines 4231 | -9/Mines | Found a damaged Exp. Sensor Array with a note attached 4236 | -9/Mines | Found Prototype Device 4705 | -9/Mines | Learned Materials terminal intel 4831 | -9/Mines | Assisted by bots powering up and referring to "LRC-V3" 5041 | -9/Mines | Lost 3 allies 5387 | -9/Mines | Deemed a non-threat by the Exiles lab entrance 5387 | -9/Mines | Discovered new exit (range 5) 5395 | -9/Mines | Entered Exiles 5449 | -9/Exiles | Met 8R-AWN 5475 | -9/Exiles | Met EX-HEX 5535 | -9/Exiles | Met EX-BIN 5559 | -9/Exiles | Aligned with FarCom system 5561 | -9/Exiles | Given EX-Vault access code 5607 | -9/Exiles | Opened EX-Vault 5659 | -9/Exiles | Warned to stay clear of 0b10 Research branches 6019 | -9/Exiles | Found Potential Leg 6022 | -9/Exiles | Found Potential Leg 6119 | -9/Exiles | Met EX-DEC 6596 | -9/Exiles | Discovered new exit (range 14) 6809 | -9/Exiles | Found Supersonic Drone Bay 7058 | -9/Exiles | Attacked by the Exiles 7178 | -9/Exiles | Core integrity fell below 50% 7292 | -9/Exiles | Destroyed 8R-AWN 7306 | -9/Exiles | Found Prototype Processor 7307 | -9/Exiles | Lost 10 parts (1p3n4u2w) 7838 | -9/Exiles | Destroyed EX-HEX 7982 | -9/Exiles | Destroyed EX-DEC 7999 | -9/Exiles | Destroyed EX-BIN 8287 | -9/Exiles | Entered Mines 8289 | -8/Mines | Discovered exit to Materials (range 11) 8332 | -8/Mines | Entered Materials 8332 | -8/Materials | Evolved 2 slots: Propulsion x1, Weapon x1 8333 | -8/Materials | Identified exit to Factory 8335 | -8/Materials | Loaded intel: 12 terminal locations 8704 | -8/Materials | Destroyed 7 combat bots 9035 | -8/Materials | Identified Exp. Targeting Computer 9104 | -8/Materials | Build established: Scavenger-Gunner 10124 | -8/Materials | Entered Factory 10124 | -7/Factory | Evolved 2 slots: Propulsion x1, Utility x1 10125 | -7/Factory | Identified exit to Storage 10209 | -7/Factory | Build established: Gunner 10230 | -7/Factory | Identified Exp. Sensor Array 10847 | -7/Factory | Identified exit to Lower Caves 11243 | -7/Factory | Entered Storage 11857 | -7/Storage | Assisted by bots powering up and referring to "LRC-V3" 11950 | -7/Storage | Used back door to open Recycling access 11950 | -7/Storage | Discovered new exit (range 5) 12152 | -7/Storage | Build established: Commander-Gunner 12246 | -7/Storage | Destroyed 10 combat bots 12327 | -7/Storage | Found Prototype Launcher 12327 | -7/Storage | Identified Rocket Array 12364 | -7/Storage | Destroyed 7 combat bots 12443 | -7/Storage | First assault squad dispatched 12584 | -7/Storage | Lost 3 parts (1p2n) 12892 | -7/Storage | Entered Recycling 12892 | -7/Recycling | Accompanied by 21 allies 14001 | -7/Recycling | Build established: Commander-Mutant 14220 | -7/Recycling | P-60 Hacker assimilated allied Trooper 4k 14257 | -7/Recycling | Lost 4 allies 14909 | -7/Recycling | Discovered new exit (range 7) 14983 | -7/Recycling | Identified exit to Scraptown 15045 | -7/Recycling | Learned location of 2 exits from Lower Caves 15098 | -7/Recycling | Learned Factory trap positions 15143 | -7/Recycling | Learned Hub_04(d) security intel 15203 | -7/Recycling | Learned location of 2 exits from Upper Caves 15334 | -7/Recycling | Learned location of 2 exits from Archives 15396 | -7/Recycling | Scanned before Scraplab entrance 15428 | -7/Recycling | Entered Scraplab 15804 | -7/Recycling | Entered Scraptown 15804 | -7/Scraptown | Accompanied by 25 allies 15804 | -7/Scraptown | System corruption cleaned by C-Scrubber 16140 | -7/Scraptown | Visited Shadow of the Wyrm 16161 | -7/Scraptown | Visited Assassins FH 16215 | -7/Scraptown | Visited Red Mages 16268 | -7/Scraptown | Visited Comm Corps 16361 | -7/Scraptown | Visited Fellowship of the Rings 16410 | -7/Scraptown | Visited Cave Peace 16498 | -7/Scraptown | Visited TADAMA 17298 | -7/Scraptown | Discovered new exit (range 13) 17514 | -7/Scraptown | Turned away by UFD registrar 19143 | -7/Scraptown | Attached CPS modules to Triborg. 19144 | -7/Scraptown | Attacked by Scraptown defenders 19147 | -7/Scraptown | Destroyed Triborg 19158 | -7/Scraptown | Found Siege Articulator 19252 | -7/Scraptown | Lost 24 allies 19262 | -7/Scraptown | Core integrity fell below 50% 19298 | -7/Scraptown | Core integrity fell below 20% 19299 | -7/Scraptown | Destroyed 28 combat bots 19299 | -7/Scraptown | Found Tri-treads 19306 | -7/Scraptown | Destroyed by E5-OWC(E) with Overtuned Barrage Gun Last Messages --------------- 19289_ Dropped Hrd. Medium Armor Plating. 19291_ The unstable cave ceiling collapses. 19291_ Penetrated by Slug. 19293_ The unstable cave ceiling collapses. 19293_ Critical hit (Destroy). 19293_ Penetrated by Slug. 19294_ The unstable cave ceiling collapses. 19294_ Acquired 19 matter. 19296_ Slug penetrates Earth. 19297_ Med. Reactive Plating destroyed. 19297_ Critical hit (Burn: +50). 19298_ ZW-8MD(j) heat short circuits Ovr. Titanium Leg. 19299_ Acquired Tri-treads. 19301_ Critical hit (Burn: +50). [Achievement: Physics Hates This One Trick] 19305_ Acquired Hyb. Fission Core. 19305_ Penetrated by Slug. 19305_ Tri-treads destroyed. 19306_ The unstable cave ceiling collapses. 19306_ Critical hit (Burn: +50). Map ----- +----------------------------------------------------+ | ## """"" #???# """"" #???????????????????????? | | ## """ #???# #???????????????????????? | | ## " #???# ????????????????????????? | | ## #???# ??????????????????????????? | | ## #???? ????????????????????????????? | | ### ############ ##########????????????????????? | | #????????????????????? | | #????????????????????? | | #????????????????????? | | #????????????????????? | | !! #????????????????????? | | ############## ! !! #????????????????????? | | #??????????? ==% = #????????????????????? | | #??????????? # == =[ = [#????????????????????? | | #???????????? [! #????????????????????? | | #?????????????# #????????????????????? | | #????????????## =%! #????????????????????? | | #??########### [ ###??????????????????? | | #??# #?# [! "#"#????????????????? | | #?## ##?# * *%""""#????????????????? | | #?#" "#?# %[ = "###????????????????? | | ###""""""""""####=! ! ###??????????????????? | | ##" "#?#%[ !!] #########"r ?????????? | | ##" "# #= /]]== j j ????????? | | ##" " # ]!!!* j ?????????? | | ## ## %! !@%% "????????????????? | | ## # [! |]!!*! "????????????????? | | ############ # !%%E!!%!! "????????????????? | | =% E! %! !!!% "????????????????? | | ![% ! % * ! "????????????????? | | * =[%[* * "????????????????? | | ![ %&%!% %%! "????????????????? | | !!%!!%[!=*= * "????????????????? | | =[*%=!%[=%=[ #"????????????????? | | !!*!%** % %=[%/ #?????????????????? | | % !% !/%=%%= #?????????????????? | | ###### #########;## ! ## ####?????????????????? | | "#????? =%=*## #????????????????????? | | ""#????# ? [%!## #????????????????????? | | " ""#????# %!## #????????????????????? | | """#????# ## #????????????????????? | | " " " ""#????# ## #????????????????????? | | """ ""#????#" "## #????????????????????? | | """ "#????## " " ### #????????????????????? | | " "#?????# # # #?# #????????????????????? | | """""" ""#?????#####?#??# #????????????????????? | | ######"""#??????????????# #????????????????????? | | ??????"""#??????????????# #????????????????????? | | ??????"""??????????###### #????????????????????? | | ??????#??????????"""""""" #????????????????????? | +----------------------------------------------------+ Best States ------------- Heat Dissipation 61 Energy Generation 18 Energy Capacity 310 Matter Stores 380 Matter Capacity 450 Sight Range 16 Terrain Scan Density 10 Additional Mass Support 6 Armor Coverage 600 Resistance: KI 30 Utility Shielding 66 Evasion (%) 40 Targeting Accuracy 12 Recoil Reduction 4 Offensive Hacking 10 Authchip Count 1 Item Schematics ----------------- Cmb. Antigrav System | -8/Materials | Scanalyzed Robot Schematics ------------------ None Fabricated ------------ Nothing Repaired ---------- Mni. Grenade Launcher | 54% | -9/Materials Lgt. Armor Plating | 43% | -9/Materials Med. Armor Plating | 42% | -9/Materials Beam Cannon | 55% | -9/Materials Studied --------- Imp. Treads | -9/Materials | Hacked Lgt. Treads | -9/Materials | Hacked Alien Tech Used ----------------- None Achievements -------------- Hydra Physics Hates This One Trick Challenges ------------ None Game ------ Seed HackingSurveybotBeam Manual? 0 Play Time 01:38:19 Cumulative 871.0 hours Start 2025.11.04 @ 00:36:03 End 2025.11.04 @ 02:20:38 Sessions 1 Manual Loads 0 Difficulty Rogue Special Mode None Game No. 743 Rogue 743 Adventurer 0 Explorer 0 Win Type - Total 45 Types 15/8/10/1/1/1/7/1/1/0 Lore% 75 Gallery% 83 Achievement% 55 Wizard Run 0 Options --------- Layout 0 ASCII 0 Keyboard 0 Movement Mouse Keybinds 1 Fullscreen 2 Font 24/Smallcaps Map View 76x50 Zoom Use 0% Tactical HUD 1 Map Filters NONE Filters NONE Steam 1 RUN: 313f0fb8-719a-4cc2-a5e6-ef942a331154